 Dungeon Crawl Stone Soup version 0.30-a0-154-gb106f4c828 (webtiles) character file.

Game seed: 16427057404334314155

107 Aibolit the Shooter (level 5, -2/37 HPs)
             Began as a Human Hexslinger on Sept 27, 2022.
             Was an Initiate of the Shining One.
             Slain by a yak (8 damage)
             ... on level 4 of the Dungeon.
             The game lasted 00:18:48 (5109 turns).

Aibolit the Shooter (Human Hexslinger)              Turns: 5109, Time: 00:18:48

Health: -2/37      AC:  3    Str: 10    XL:     5   Next: 11%
Magic:  7/7        EV: 12    Int: 16    God:    the Shining One [......]
Gold:   155        SH:  0    Dex: 13    Spells: 2/6 levels left

rFire   . . .      SeeInvis .    a - +1 sling
rCold   . . .      Faith    .    (no shield)
rNeg    . . .      Spirit   .    c - +0 robe
rPois   .          Reflect  .    (no helmet)
rElec   .          Harm     .    j - +0 cloak
rCorr   .          Rampage  .    (no gloves)
Will    .....                    (no boots)
Stlth   +.........               o - amulet of magic regeneration
HPRegen 0.12/turn                (no ring)
MPRegen 0.50/turn                (no ring)

@: glowing
A: no striking features
a: Renounce Religion


You were on level 4 of the Dungeon.
You worshipped the Shining One.
The Shining One was noncommittal.
You visited 2 branches of the dungeon, and saw 6 of its levels.

You collected 155 gold pieces.

Inventory:

Hand Weapons
 a - a +1 sling (weapon)
 l - a +1 flail of draining
Missiles
 p - 16 poisoned darts
Armour
 c - a +0 robe (worn)
 j - a +0 cloak (worn)
Jewellery
 o - an amulet of magic regeneration (around neck)
Scrolls
 b - 2 scrolls of poison
 f - a scroll of noise
 h - 2 scrolls of teleportation
 i - a scroll of enchant weapon {unknown}
 k - a scroll of fear {unknown}
 q - a scroll of enchant armour {unknown}
Potions
 d - 2 potions of brilliance {unknown}
 e - 2 potions of lignification
 g - a potion of might
 m - 2 potions of degeneration {unknown}
 n - a potion of heal wounds {unknown}


   Skills:
 + Level 1.5 Fighting
 + Level 0.2 Maces & Flails
 + Level 3.5 Ranged Weapons
 + Level 2.4 Dodging
 + Level 0.9 Stealth
 + Level 1.4 Spellcasting
 + Level 3.4 Hexes


You had 2 spell levels left.
You knew the following spells:

 Your Spells              Type           Power      Damage    Failure   Level
a - Slow                  Hex            48%        N/A       5%          1
b - Inner Flame           Hex/Fire       6%         N/A       32%         3

Your spell library contained the following spells:

 Spells                   Type           Power      Damage    Failure   Level
 Sublimation of Blood     Necr           1%         N/A       32%         2
 Portal Projectile        Hex/Tloc       12%        N/A       32%         3
 Cause Fear               Hex            6%         N/A       47%         4
 Gell's Gravitas          Tloc           1%         N/A       54%         3
 Lesser Beckoning         Tloc           1%         N/A       54%         3
 Teleport Other           Tloc           1%         N/A       54%         3
 Petrify                  Tmut/Erth      1%         N/A       91%         4
 Irradiate                Conj/Tmut      0%         3d11      99%         5


Dungeon Overview and Level Annotations

Branches:
Dungeon (5/15)             Temple (1/1) D:4

Altars:
Cheibriados
Elyvilon
Makhleb
Qazlal
Ru
Vehumet
Xom
Yredelemnul
The Shining One

Annotations:
D:3 Sigmund


Message History

There is a stone staircase leading up here.
You climb upwards.
There is a stone staircase leading down here.
There is a stone staircase leading down here.
As you read the scroll labelled NIF CUUFEOMYOX, it crumbles to dust.
You feel strangely unstable.
It was a scroll of teleportation.
Your surroundings suddenly seem different.
There is a fountain of clear blue water here.
There is an open door here.
There is an open door here.
You see here a +0 dagger of electrocution.
There is a stone staircase leading up here.
There is a stone staircase leading down here.
You climb downwards.
The yak gores you but does no damage.
There is a stone staircase leading up here.
The air fills with toxic fumes!
As you read the scroll of poison, it crumbles to dust.
The yak snorts and paws the ground.
The yak gores you.
The yak is engulfed in poison gas.
The yak is poisoned.
The yak is engulfed in poison gas.
The yak is poisoned.
The yak gores you!
You climb upwards.
There is a stone staircase leading down here.
The yak attacks as you move away! The yak gores you.
Aiming: Slow (safe; 5% risk of failure)
Press: ? - help, Q - select action, (/) - cycle Shift-Dir - straight line, f - yak
Aim: a yak (chance to affect: 50%)
The yak resists with significant effort.
The yak gores you! The yak attacks as you move away!
The yak closely misses you.
Aiming: Slow (safe; 5% risk of failure)
Press: ? - help, Q - select action, (/) - cycle Shift-Dir - straight line, f/p - yak
Aim: a yak (chance to affect: 50%)
The yak resists with significant effort.
The yak gores you.
* * * LOW HITPOINT WARNING * * *
The yak attacks as you move away! The yak gores you.
* * * LOW HITPOINT WARNING * * *
The yak attacks as you move away! The yak gores you!
You die...

#.........##.........#####
#......<..######.#####
####>..#.## #.#
#...#.#######.##
#...#..........## #
##.########)....## # #..##
##.......## ##
##...####.........####.
#....Y@.'.........'....
#....####.........####.
#.#.## ##.......## ##
#.#########.......# #. #.
..........##.# #. #.
.######..## .# #. ####..##
.# #. #.###......# .# #.
#..........##.# #.


You could see a yak.

Vanquished Creatures
  Terence (D:2)
  3 adders
  An ufetubus (D:5)
  A worm (D:2)
  2 dart slugs
  5 bats (D:1)
  4 giant cockroaches
  6 goblins
  8 hobgoblins
  3 kobolds (D:2)
  A quokka (D:2)
  3 ball pythons
  4 rats
42 creatures vanquished.

Notes
Turn   | Place    | Note
-------+----------+-------------------------------------------
     0 | D:1      | Aibolit the Human Hexslinger began the quest for the Orb.
     0 | D:1      | Reached XP level 1. HP: 15/15 MP: 2/2
   283 | D:1      | Reached XP level 2. HP: 14/21 MP: 3/3
  1142 | D:1      | Reached XP level 3. HP: 26/26 MP: 4/4
  1149 | D:1      | Learned a level 3 spell: Inner Flame
  2032 | D:2      | Reached XP level 4. HP: 31/32 MP: 5/5
  2420 | D:2      | Noticed Terence
  3042 | D:2      | Killed Terence
  3252 | D:3      | Noticed Sigmund
  3910 | D:4      | Reached XP level 5. HP: 18/37 MP: 7/7
  4190 | D:4      | Found a staircase to the Ecumenical Temple.
  4211 | Temple   | Entered the Ecumenical Temple
  4224 | Temple   | Became a worshipper of the Shining One
  4620 | D:5      | Entered Level 5 of the Dungeon
  4640 | D:5      | Noticed a black bear
  4957 | D:5      | Noticed a yak
  4959 | D:5      | Noticed a yak
  4960 | D:5      | Noticed a yak
  5109 | D:4      | Slain by a yak

Illustrated notes

Levels and vault maps discovered:
D:1:      amcnicky_arrival_wind_blow, layout_basic
D:2:      layout_loops_ring, uniq_terence
D:3:      layout_basic, lemuel_tele_altar, lightli_sewer_entry_pipes,
          uniq_sigmund
D:4:      layout_loops_corners, minmay_temple_entry_junction_2, sigmund_army
D:5:      layout_gridville, hangedman_decor_lopped, doesnt_shop_hydraphobe,
          uniq_crazy_yiuf_cottage, uniq_eustachio, uniq_edmund
Temple:   compressed_dpeg_triangle_lava_temple

Skill      XL: |  1  2  3 |
---------------+----------+-----
Ranged Weapons | 3 |  3.5
Fighting       | |  1.5
Maces & Flails | |  0.2
Dodging        | |  2.4
Stealth        | |  0.9
Spellcasting   | |  1.4
Hexes          | |  3.4

Action                   |  1- 3 |  4- 6 || total
-------------------------+-------+-------++-------
Melee: Flail             |       |     5 ||     5
 Fire: Sling             |   105 |    81 ||   186
 Cast: Slow              |     1 |    31 ||    32
  Use: Scroll            |     3 |     2 ||     5
Armor: Robe              |    24 |    12 ||    36
Dodge: Dodged            |    56 |    41 ||    97

Table legend: (Time is in decaauts)
 A = Elapsed time spent in this place.
 B = Non-inter-level travel time spent in this place.
 C = Inter-level travel time spent in this place.
 D = Time resting spent in this place.
 E = Time spent auto-exploring this place.
 F = Levels seen in this place.
 G = Mean time per level.
                   A        B        C        D        E       F      G
               +--------+--------+--------+--------+--------+-----+--------+
         Total |   5158 |   2647 |   2511 |   1840 |      0 |   6 |  859.7 |
       Dungeon |   5137 |   2640 |   2497 |   1840 |      0 |   5 | 1027.4 |
        Temple |     20 |      6 |     14 |      0 |      0 |   1 |   20.0 |
               +--------+--------+--------+--------+--------+-----+--------+

Top non-repeatable levels by time:
     D:1: 1797 daAuts
     D:4: 1592 daAuts
     D:2: 1574 daAuts
     D:5: 103 daAuts
     D:3: 70 daAuts
  Temple: 20 daAuts
